 Dungeon Sprint DCSS version 0.24.0-13-gcf9b319 (webtiles) character file.

Game seed: 13388195600572661241, levelgen mode: deterministic

558 EndlessMike the Carver (level 7, -10/38 HPs)
             Began as a Vampire Gladiator on Apr 8, 2020.
             Was an Initiate of Hepliaklqana.
             Mangled by a deep troll (15 damage)
             ... in the Dungeon (Sprint I: "Red Sonja").
             The game lasted 00:02:50 (746 turns).

EndlessMike the Carver (Vampire Gladiator)           Turns: 746, Time: 00:02:51

Health: -10/38     AC:  4    Str: 15    XL:     7   Next: 9%
Magic:  9/9        EV: 16    Int: 10    God:    Hepliaklqana [......]
Gold:   262        SH:  0    Dex: 16    Spells: 6/6 levels left

rFire    . . .     SeeInvis +   a - +0 long sword
rCold    + + .     Gourm    .   (no shield)
rNeg     + + +     Faith    .   b - +0 leather armour
rPois    ∞         Spirit   .   c - +0 helmet
rElec    .         Reflect  .   (no cloak)
rCorr    .         Harm     .   (no gloves)
MR       .....     NoTele   +   (no boots)
Stlth    +++.......             (no amulet)
HPRegen  0.00/turn              (no ring)
MPRegen  0.11/turn              (no ring)

@: bloodless, regenerating quickly
A: no food, reduced essence, fangs 3, see invisible, unbreathing
a: Bat Form, Revivify, Recall Ancestor, Ancestor Identity, Renounce Religion


You were in the Dungeon.
You worshipped Hepliaklqana.
Hepliaklqana was noncommittal.
You were bloodless.

You visited 1 branch You collected 405 gold pieces.
You spent 143 gold pieces at shops.

Inventory:

Hand Weapons
 a - a +0 long sword (weapon)
Missiles
 d - a throwing net
 l - 4 curare-tipped darts (quivered)
Armour
 b - a +0 leather armour (worn)
 c - a +0 helmet (worn)
Jewellery
 e - an uncursed amulet of guardian spirit {unknown}
Wands
 f - a wand of polymorph (9)
 k - a wand of random effects (13)
Scrolls
 j - a scroll of blinking
Potions
 g - a potion of haste
 h - 2 potions of magic
 i - a potion of berserk rage


   Skills:
 + Level 4.7 Fighting
 + Level 13.1 Long Blades
 - Level 1.5 Throwing
 + Level 6.2 Dodging
 * Level 2.8 Evocations


You had 6 spell levels left.
You didn't know any spells.
Your spell library was empty.

Dungeon Overview and Level Annotations

Branches:
Dungeon (1/1)

Altars:
Cheibriados
Dithmenos
Elyvilon
Fedhas
Gozag
Hepliaklqana
Kikubaaqudgha
Nemelex Xobeh
Okawaru
Qazlal
Ru
Sif Muna
Trog
Uskayaw
Vehumet
Wu Jian
Yredelemnul
Zin
The Shining One

Shops:
D }


Innate Abilities, Weirdness & Mutations

You do not eat.
You do not regenerate when monsters are visible.
You are frail without blood (-20% HP).
You can heal yourself when you bite living creatures.
You are immune to poison.
You have razor-sharp teeth.
You have supernaturally acute eyesight. (SInv)
You can survive without breathing.
Your life essence is reduced to manifest your ancestor. (-10% HP)


Message History

Oma is destroyed!
There is an open door here.
The deep troll closely misses you. The deep troll claws you!
The deep troll misses you.
You see here 27 gold pieces.
You closely miss the deep troll.
The deep troll is lightly wounded.
You hit the deep troll. You bite the deep troll.
You draw the deep troll's blood!
You feel better.
The deep troll is moderately wounded.
The deep troll closely misses you. The deep troll claws you!
The deep troll misses you.
You slash the deep troll!
The deep troll is heavily wounded.
You hit the deep troll. Your bite misses the deep troll.
The deep troll is heavily wounded.
The deep troll bites you! The deep troll claws you!
* * * LOW HITPOINT WARNING * * *
The deep troll claws you!
You die...

#..#####'#####'#
#..####..#...#.#
#..#__####..##[#
#..#_____##'#_.+
#⌠⌠#_.∩...'..._#
####_..__##_.#'#
#_____###'#[#
#########.####+###
+...'@T.$$+
#.).####### ##.##
#+#


You could see a deep troll.

Vanquished Creatures
  Sigmund (D)
  A yak (D)
  An ogre (D)
  A jelly (D)
  Ijyb (D)
5 creatures vanquished.

Vanquished Creatures (collateral kills)
  A yak (D)
1 creature vanquished.

Vanquished Creatures (others)
  An ancestor (D)
1 creature vanquished.

Grand Total: 7 creatures vanquished

Notes
Turn   | Place    | Note
-------+----------+-------------------------------------------
     0 | D        | EndlessMike the Vampire Gladiator began the quest for the
                  | Orb.
     0 | D        | Reached XP level 1. HP: 16/16 MP: 1/1
     1 | D        | Noticed Ijyb
    13 | D        | Killed Ijyb
    13 | D        | Reached skill level 6 in Long Blades
    13 | D        | Reached XP level 2. HP: 19/22 MP: 2/2
    25 | D        | Noticed an ogre
    33 | D        | Killed an ogre
    33 | D        | Reached skill level 9 in Long Blades
    33 | D        | Reached XP level 3. HP: 27/27 MP: 3/3
    33 | D        | Reached XP level 4. HP: 33/33 MP: 4/4
    52 | D        | Noticed Sigmund
    72 | D        | Killed Sigmund
    72 | D        | Reached skill level 12 in Long Blades
    72 | D        | Reached XP level 5. HP: 23/30 MP: 5/5
   147 | D        | Found a shimmering blue altar of Sif Muna.
   148 | D        | Found an ornate altar of the Wu Jian Council.
   149 | D        | Found a radiant altar of Vehumet.
   156 | D        | Reached XP level 6. HP: 24/36 MP: 6/6
   273 | D        | Found Emeqocea's Gadget Emporium.
   273 | D        | Found an ancient bone altar of Kikubaaqudgha.
   273 | D        | Found a hazy altar of Hepliaklqana.
   273 | D        | Found a stormy altar of Qazlal.
   273 | D        | Found a hide-covered altar of Uskayaw.
   273 | D        | Found a blossoming altar of Fedhas.
   273 | D        | Found a bloodstained altar of Trog.
   273 | D        | Found an iron altar of Okawaru.
   273 | D        | Found a basalt altar of Yredelemnul.
   273 | D        | Found a glowing golden altar of the Shining One.
   273 | D        | Found a snail-covered altar of Cheibriados.
   273 | D        | Found a sacrificial altar of Ru.
   273 | D        | Found a glowing silver altar of Zin.
   273 | D        | Found a shadowy altar of Dithmenos.
   273 | D        | Found a white marble altar of Elyvilon.
   273 | D        | Noticed a yak
   274 | D        | Found an opulent altar of Gozag.
   285 | D        | Found a sparkling altar of Nemelex Xobeh.
   287 | D        | Became a worshipper of Hepliaklqana the Forgotten
   300 | D        | Killed a yak
   300 | D        | Reached skill level 5 in Dodging
   541 | D        | Bought a wand of polymorph (11) for 143 gold pieces
   547 | D        | Noticed Sonja
   549 | D        | Noticed Sonja
   549 | D        | Sonja changed into Sonja the yak
   560 | D        | Killed Sonja the yak
   560 | D        | Reached skill level 13 in Long Blades
   560 | D        | Reached XP level 7. HP: 17/38 MP: 6/9
   736 | D        | Noticed a deep troll
   746 | D        | Mangled by a deep troll

Levels and vault maps discovered:
D:        dungeon_sprint_1 [red_sonja_temple_1, red_sonja_temple_small_1]

Skill      XL: |  1  2  3  4  5  6 |
---------------+-------------------+-----
Long Blades    | 6 9 12 13 | 13.1
Fighting       | 2 4 |  4.7
Dodging        | 6 |  6.2
Evocations     | 2 |  2.8
Throwing       | |  1.5

Action                   |  1- 3 |  4- 6 |  7- 9 || total
-------------------------+-------+-------+-------++-------
Melee: Long sword        |    16 |    32 |     4 ||    52
       Bite              |     2 |     7 |     1 ||    10
Throw: Throwing net      |     2 |     3 |       ||     5
       Dart              |       |       |     1 ||     1
 Abil: Exsanguinate      |       |     1 |       ||     1
Evoke: Wand              |       |     2 |       ||     2
  Use: Potion            |       |     2 |       ||     2
 Stab: Sleeping          |       |     2 |       ||     2
Armor: Leather armour    |     6 |       |       ||     6
Dodge: Dodged            |     7 |     9 |     4 ||    20
       Rpst.: Long sword |     5 |     3 |       ||     8
